 Dungeon Sprint DCSS version 0.31.0-32-g396128a36d (webtiles) character file.

Game seed: 4040095956116593964

128 Heoruswealwe the Spear-Bearer (level 4, 0/45 HPs)
             Began as a Minotaur Fighter on Mar 9, 2024.
             Succumbed to an adder's poison
             ... in the Dungeon (Sprint IX: "|||||||||||||||||||||||||||||").
             The game lasted 00:00:47 (44 turns).

Heoruswealwe the Spear-Bearer (Minotaur Fighter)      Turns: 44, Time: 00:00:47

Health: 0/45       AC:  7    Str: 22    XL:     4   Next: 86%
Magic:  3/3        EV:  9    Int:  5    God:
Gold:   0          SH:  4    Dex: 10    Spells: 3/3 levels left

rFire   . . .        a - +0 trident
rCold   . . .        d - +0 buckler
rNeg    . . .        c - +0 scale mail
rPois   .            (helmet restricted)
rElec   .            (no cloak)
rCorr   .            (no gloves)
SInv    .            (no boots)
Will    .....        (no amulet) Stlth
                     (no ring)
HPRegen 0.27/turn    (no ring)
MPRegen 0.08/turn

%: no teleportation
@: lethally poisoned (0 -> -4)
A: horns 2, retaliatory headbutt
a: no special abilities


You were in the Dungeon.
You visited 1 branch

Inventory:

Hand Weapons
 a - a +0 trident (weapon)
Armour
 c - a +0 scale mail (worn)
 d - a +0 buckler (worn)
Scrolls
 j - a scroll of blinking
Potions
 b - a potion of might
 g - a potion of haste
 h - 2 potions of magic
 i - a potion of berserk rage


   Skills:
 + Level 6.8 Fighting
 * Level 8.5 Polearms
 + Level 6.8 Armour
 - Level 3.6 Shields


You had 3 spell levels left.
You didn't know any spells.
Your spell library was empty.

Dungeon Overview and Level Annotations

Branches:
Dungeon (1/1)

Altars:


Innate Abilities, Weirdness & Mutations

You have a pair of horns on your head.
You reflexively headbutt those who attack you in melee.


Message History

The water moccasin is severely wounded.
You block the water moccasin's attack. The water moccasin bites you!
* * * LOW HITPOINT WARNING * * *
You closely miss the water moccasin.
The water moccasin is severely wounded.
The water moccasin barely misses you. You furiously retaliate!
You headbutt the water moccasin, but do no damage.
You closely miss the water moccasin.
Your headbutt misses the water moccasin.
The water moccasin is severely wounded.
The water moccasin bites you but does no damage.
You block the water moccasin's attack.
You miss the water moccasin. You headbutt the water moccasin.
You kill the water moccasin!
Your Fighting skill gained 2 levels and is now at level 6!
Your Polearms skill gained 4 levels and is now at level 8!
Your Armour skill gained 2 levels and is now at level 6!
You have reached level 3!
Your experience leads to an increase in your attributes!
Increase (S)trength, (I)ntelligence, or (D)exterity?
You feel stronger. x2
You have reached level 4!
You feel agile.
You barely miss the adder. The adder misses you.
The adder bites you but does no damage.
You barely miss the adder. The adder bites you.
* * * LOW HITPOINT WARNING * * *
You are lethally poisoned!
The adder poisons you!
You hit the adder.
The adder is lightly wounded.
* * * LOW HITPOINT WARNING * * *
You feel sick. You block the adder's attack.
You hit the adder. You headbutt the adder!
You kill the adder!
* * * LOW HITPOINT WARNING * * *
You feel sick.
You hit the orc. You headbutt the orc.
You kill the orc!
You die... ▓▓▓▓▓▓▓▓▓▓▓▓▓▓▓▓▓▓ ▓<...)....@)f....+ ▓▓▓▓▓▓▓▓▓▓▓▓▓▓▓▓▓▓

You could see a sleepcap.

Vanquished Creatures
  A water moccasin (D)
  An adder (D)
  A white imp (D)
  An orc (D)
  An endoplasm (D)
  A goblin (D)
  A hobgoblin (D)
  A kobold (D)
  A rat (D)
9 creatures vanquished.

Notes
Turn   | Place    | Note
-------+----------+-------------------------------------------
     0 | D        | Heoruswealwe the Minotaur Fighter began the quest for the
                  | Orb.
     0 | D        | Reached XP level 1. HP: 19/19 MP: 0/0
     5 | D        | Reached skill level 3 in Polearms
    17 | D        | Noticed a sleepcap
    17 | D        | Noticed a water moccasin
    27 | D        | Reached skill level 4 in Polearms
    27 | D        | Reached XP level 2. HP: 13/28 MP: 1/1
    39 | D        | Killed a water moccasin
    40 | D        | Reached skill level 8 in Polearms
    40 | D        | Reached XP level 3. HP: 5/38 MP: 2/2
    40 | D        | Reached XP level 4. HP: 6/45 MP: 3/3
    42 | D        | HP: 2/45 [poisoned by an adder]
    44 | D        | Succumbed to an adder's poison

Illustrated notes

Levels and vault maps discovered:
D:        linesprint [early_d, line_temple, items_1, d_10, items_2, lair_1,
          lair_end, items_3, orc_1, orc_end, items_4, d_15, swamp_1, shoals_1,
          snake_1, spider_1, d_20, vaults_1, items_5, swamp_end, shoals_end,
          snake_end, spider_end, vaults_end, d_27, items_6, zot_1, zot_end,
          crypt_end, forest_end, elf_end, slime_end, tomb_end, abyss_end,
          pan_hell_end]

Skill      XL: |  1  2 |
---------------+-------+-----
Polearms       | 4 8 |  8.5
Fighting       | 4 6 |  6.8
Armour         | 4 6 |  6.8
Shields        | |  3.6

Action                     |  1- 3 |  4- 6 || total
---------------------------+-------+-------++-------
  Melee: Trident           |    26 |     5 ||    31
         Headbutt          |     4 |     2 ||     6
    Use: Potion            |     2 |       ||     2
 Armour: Scale mail        |    17 |     2 ||    19
  Dodge: Dodged            |     8 |     1 ||     9
  Block: Buckler           |     6 |     1 ||     7
